 Dungeon Crawl Stone Soup version 0.25-b1-41-g19641232cd (webtiles) character file.

Game seed: 3928455587515628049

133 Anathary the Slasher (level 5, -3/27 HPs)
             Began as a Vine Stalker Fighter on June 8, 2020.
             Slain by an orc priest
             ... wielding a +0 flail
              (5 damage)
             ... on level 4 of the Dungeon.
             The game lasted 00:08:49 (2114 turns).

Anathary the Slasher (Vine Stalker Fighter)         Turns: 2114, Time: 00:08:50

Health: -3/27      AC:  6    Str: 19    XL:     5   Next: 16%
Magic:  0/6        EV:  8    Int:  8    God:
Gold:   184        SH: 10    Dex: 14    Spells: 4/4 levels left

rFire    . . .     SeeInvis .   a - +0 long sword
rCold    . . .     Gourm    .   c - +1 kite shield
rNeg     + . .     Faith    .   b - +0 scale mail
rPois    .         Spirit   +   (no helmet)
rElec    .         Reflect  .   (no cloak)
rCorr    .         Harm     .   (no gloves)
MR       .....                  (no boots)
Stlth    ..........             (no amulet)
HPRegen  0.49/turn              k - ring of positive energy
MPRegen  0.10/turn              (no ring)

@: lethally poisoned (-3 -> -3)
A: fangs 2, regeneration 1, magic shield, antimagic bite, no potion heal 3, rot
immunity
a: no special abilities


You were on level 4 of the Dungeon.
You were not hungry.

You visited 1 branch of the dungeon, and saw 4 of its levels.

You collected 184 gold pieces.

Inventory:

Hand Weapons
 a - a +0 long sword (weapon)
Armour
 b - a +0 scale mail (worn)
 c - a +1 kite shield (worn)
Jewellery
 h - a cursed ring of flight {unknown}
 i - a cursed amulet of guardian spirit {unknown}
 k - a ring of positive energy (left hand)
Scrolls
 l - 3 scrolls of teleportation
 m - a scroll of remove curse
 n - 2 scrolls of enchant armour
 o - a scroll of magic mapping
 p - a scroll of identify
Potions
 d - a potion of might
 e - 4 potions of curing
 j - a potion of degeneration {unknown}
 q - a potion of berserk rage {unknown}
Comestibles
 f - 4 rations
 g - 3 chunks of flesh


   Skills:
 - Level 2.6 Fighting
 + Level 3.9 Long Blades
 - Level 2.4 Armour
 * Level 2.0 Dodging
 - Level 2.6 Shields


You had 4 spell levels left.
You didn't know any spells.
Your spell library was empty.

Dungeon Overview and Level Annotations

Branches:
Dungeon (4/15)
 Temple: D:4-7

Altars:
Fedhas
Trog


Innate Abilities, Weirdness & Mutations

You have extremely sharp teeth.
Your natural rate of healing is unusually fast.
When hurt, damage is shared between your health and your magic reserves.
Your bite disrupts and absorbs the magic of your enemies.
Potions cannot restore your health.
You are immune to rotting.


Message History

You feel sick.
The worker ant bites you but does no damage.
You block the orc priest's attack. The orc hits you with a +0 dagger.
* * * LOW HITPOINT WARNING * * *
You block the worker ant's attack.
You closely miss the worker ant. Your bite misses the worker ant.
The worker ant is moderately wounded.
You feel sick.
The orc priest hits you with a +0 flail.
* * * LOW HITPOINT WARNING * * *
You block the orc's attack. You block the worker ant's attack.
A hound comes into view.
The orc hits you but does no damage.
You barely miss the worker ant.
The hound barks!
You bite the worker ant, but do no damage.
The worker ant is moderately wounded.
You feel sick. You block the worker ant's attack.
The orc priest hits you with a +0 flail!
You die...

... ..## ...
.....###....# .$
...##......h....#...
....##..........#..
............#....
.........#....#
#......#....#
#@o........##...
#oa.....<.......
#a....#.....[.......
##..................
#....#...........#..
.....................
....##...........###.#
.##...............# .
# .....##.#......


You could see a hound, a worker ant, an orc priest and an orc.

Vanquished Creatures
  An orc wizard (D:4)
  3 gnolls (D:2)
  An adder (D:2)
  An ooze (D:2)
  A worm (D:2)
  A dart slug (D:2)
  A leopard gecko (D:3)
  A ball python (D:1)
  4 bats
  7 giant cockroaches
  7 goblins
  11 hobgoblins
  2 jackals (D:3)
  4 kobolds
  A quokka (D:2)
  6 frilled lizards
  5 rats
57 creatures vanquished.

Notes
Turn   | Place    | Note
-------+----------+-------------------------------------------
     0 | D:1      | Anathary the Vine Stalker Fighter began the quest for the
                  | Orb.
     0 | D:1      | Reached XP level 1. HP: 11/11 MP: 2/2
   111 | D:1      | Reached skill level 2 in Long Blades
   458 | D:1      | Reached XP level 2. HP: 16/16 MP: 3/3
   928 | D:2      | Reached skill level 1 in Dodging
   928 | D:2      | Reached XP level 3. HP: 19/19 MP: 2/4
  1142 | D:2      | Reached skill level 3 in Long Blades
  1238 | D:2      | Gained mutation: Your natural rate of healing is unusually
                  | fast. [Vine Stalker growth]
  1238 | D:2      | Reached XP level 4. HP: 23/23 MP: 5/5
  1697 | D:3      | Found a blossoming altar of Fedhas.
  1935 | D:3      | Found a bloodstained altar of Trog.
  2106 | D:4      | Reached XP level 5. HP: 23/27 MP: 3/6
  2114 | D:4      | Slain by an orc priest

Illustrated notes

Levels and vault maps discovered:
D:1:      dpeg_arrival_long_road, layout_loops_ring
D:2:      layout_rooms, first_ration
D:3:      layout_rooms, overflow_temple_1_default, st_stairs_14, fedhas_altar_2
D:4:      layout_cave_pools, grunt_gozag_statues

Skill      XL: |  1  2  3  4 |
---------------+-------------+-----
Long Blades    | 2 3 |  3.9
Dodging        | 1 2 |  2.0
Fighting       | |  2.6
Armour         | |  2.4
Shields        | |  2.6

Action                   |  1- 3 |  4- 6 || total
-------------------------+-------+-------++-------
Melee: Long sword        |    65 |    87 ||   152
       Bite              |    12 |    32 ||    44
  Use: Scroll            |       |     7 ||     7
  Eat: Chunk             |     1 |     3 ||     4
Armor: Scale mail        |    18 |    38 ||    56
Dodge: Dodged            |    15 |    29 ||    44
Block: Kite shield       |    28 |    76 ||   104
       Rpst.: Long sword |     5 |     7 ||    12
